[Event "Titled Tuesday Blitz March 22 Late 2022"]
[White "Smirnov, Pavel"]
[Black "Shandrygin, Nikita"]
[WhiteFideId "4123425"]
[BlackFideId "24198668"]
[WhiteElo "2797"]
[BlackElo "2543"]
[Result "1-0"]
[Round "03"]
[TimeControl "180+1"]
[Date "2022.03.22"]
[WhiteClock "0:01:14"]
[BlackClock "0:00:07"]

1. d4 d5 2. c4 Nc6 3. cxd5 Qxd5 4. e3 e5 5. Nc3 Bb4 6. Bd2 Bxc3 7. bxc3 Nf6 8. c4 Qd6 9. d5 Ne7 10. Qb1 c5 11. Bd3 O-O 12. Ne2 Ng6 13. O-O Re8 14. Ng3 Rb8 15. a4 Nh4 16. f4 exf4 17. Rxf4 Ng6 18. Rf1 Ne5 19. Be2 Bg4 20. Nf5 Qd7 21. Bxg4 Nfxg4 22. h3 Nf6 23. Qc2 Ng6 24. Bc3 Re5 25. Bxe5 Nxe5 26. Rab1 Re8 27. a5 Nh5 28. g4 Nf6 29. Kg2 Nexg4 30. hxg4 Nxg4 31. Rf4 Ne5 32. Rh1 g6 33. Ng3 Ng4 34. Rxg4 Qxg4 35. e4 h5 36. Qd1 Qd7 37. Nxh5 gxh5 38. Qxh5 Kf8 39. Qg5 1-0


[Site "https://www.chess.com"]

[Event "Titled Tuesday Blitz March 22 Late 2022"]
[White "Sochacki, Christophe"]
[Black "Pesotskiy, Mikhail"]
[WhiteFideId "662569"]
[BlackFideId "34164453"]
[WhiteElo "2708"]
[BlackElo "2481"]
[Result "1-0"]
[Round "03"]
[TimeControl "180+1"]
[Date "2022.03.22"]
[WhiteClock "0:00:19"]
[BlackClock "0:00:13"]

1. e4 e6 2. d4 d5 3. Nc3 Bb4 4. exd5 exd5 5. Bd3 Nf6 6. Ne2 O-O 7. O-O Bg4 8. h3 Bh5 9. Bg5 c6 10. Qd2 Nbd7 11. Nf4 Bg6 12. Nxg6 hxg6 13. Rfe1 Qb6 14. a3 Bd6 15. Bf1 Rfe8 16. b4 Rxe1 17. Rxe1 Re8 18. Rxe8+ Nxe8 19. Na4 Qc7 20. Nc5 Nef6 21. Qe3 b6 22. Nxd7 Qxd7 23. c4 dxc4 24. Bxc4 Nd5 25. Qe4 Qf5 26. Qxf5 gxf5 27. b5 Ne7 28. Bxe7 Bxe7 29. bxc6 Bd6 30. a4 Kf8 31. Kf1 Ke7 32. Ke2 Bc7 33. h4 Kf6 34. g3 g6 35. f4 Ke7 36. Kd3 Kf6 37. Bd5 Ke7 38. Kc4 a6 39. Kb3 f6 40. Bc4 b5 41. axb5 axb5 42. Bxb5 g5 43. h5 gxf4 44. gxf4 Bxf4 45. h6 Kf7 46. Kc4 Kg6 47. Kd5 Kxh6 48. Ke6 Kg5 49. d5 Bb8 50. d6 Bxd6 51. Kxd6 f4 52. c7 f3 53. c8=Q f2 54. Qh3 1-0


[Site "https://www.chess.com"]

[Event "Titled Tuesday Blitz March 22 Late 2022"]
[White "Spata, German"]
[Black "Chyngyz, Sultai"]
[WhiteFideId "113026"]
[BlackFideId "13803158"]
[WhiteElo "2238"]
[BlackElo "1365"]
[Result "1-0"]
[Round "03"]
[TimeControl "180+1"]
[Date "2022.03.22"]
[WhiteClock "0:00:11"]
[BlackClock "0:00:20"]

1. Nf3 Nf6 2. e3 g6 3. b3 Bg7 4. Bb2 O-O 5. c4 d6 6. d4 Nc6 7. Be2 Bf5 8. d5 Nb4 9. Nd4 Ne4 10. O-O c5 11. dxc6 Nxc6 12. Nxc6 bxc6 13. Bxg7 Kxg7 14. f3 Nf6 15. e4 Be6 16. Nc3 Qb6+ 17. Kh1 Qe3 18. Qc1 Qxc1 19. Raxc1 a5 20. Kg1 Nh5 21. Rfd1 Nf4 22. Bf1 Rfd8 23. Kf2 Rd7 24. Na4 Rb8 25. g3 Nh3+ 26. Bxh3 Bxh3 27. g4 h5 28. gxh5 gxh5 29. Rg1+ Kh7 30. Rg5 Kh6 31. Rcg1 c5 32. Nc3 e6 33. Ne2 Bg4 34. h4 f6 35. R5xg4 hxg4 36. fxg4 d5 37. exd5 exd5 38. Rd1 d4 39. Nf4 Re8 40. Nd5 Re6 41. Kf3 Ra7 42. Kf4 a4 43. g5+ fxg5+ 44. hxg5+ Kg6 45. Rh1 Rf7+ 46. Nf6 Rexf6+ 47. gxf6 Rxf6+ 48. Ke4 axb3 49. axb3 Rd6 50. Kd3 Kf5 51. Re1 Kf4 52. Re8 Rf6 53. Rc8 Rf5 54. b4 cxb4 55. Kxd4 Kf3 56. c5 Ke2 57. c6 Kd2 58. Kc4 Rf4+ 59. Kb3 Kc1 60. c7 Rf7 61. Kxb4 Kc2 62. Kc5 Kc3 63. Kd6 Kc4 64. Rd8 Rf6+ 65. Ke5 Rc6 66. c8=Q Rxc8 67. Rxc8+ Kb5 68. Rd8 Kb4 69. Rd1 Kc5 70. Ke4 Kb4 71. Rc1 Kb3 72. Rc8 Kb4 73. Kd5 Kb5 74. Rb8+ Ka6 75. Rb1 Ka7 76. Kc6 Ka8 77. Kc7 Ka7 78. Ra1# 1-0


[Site "https://www.chess.com"]

[Event "Titled Tuesday Blitz March 22 Late 2022"]
[White "Svane, Rasmus"]
[Black "Golubka, Petro"]
[WhiteFideId "4657101"]
[BlackFideId "14114224"]
[WhiteElo "2645"]
[BlackElo "2346"]
[Result "0-1"]
[Round "03"]
[TimeControl "180+1"]
[Date "2022.03.22"]
[WhiteClock "0:00:06"]
[BlackClock "0:00:52"]

1. Nf3 Nf6 2. g3 b5 3. Bg2 Bb7 4. d4 a6 5. a4 e6 6. Bg5 Be7 7. axb5 axb5 8. Rxa8 Bxa8 9. Qd3 Be4 10. Qb3 Nc6 11. O-O Bxf3 12. exf3 Nxd4 13. Qd3 h6 14. Bxf6 Bxf6 15. c3 Nf5 16. Qxb5 O-O 17. Rd1 d5 18. Qd3 c5 19. f4 Nd6 20. Nd2 c4 21. Qc2 Qb6 22. f5 Nxf5 23. Bxd5 Ne3 24. fxe3 Qxe3+ 25. Kg2 Qe2+ 26. Kh3 exd5 27. Qb1 g5 28. g4 h5 29. gxh5 g4+ 30. Kg3 Be5+ 31. Kh4 Qxh2+ 32. Kg5 Qf4+ 33. Kh4 Bf6# 0-1


[Site "https://www.chess.com"]

[Event "Titled Tuesday Blitz March 22 Late 2022"]
[White "Taboas Rodriguez, Daniel"]
[Black "Bernal Moro, Luis Javier"]
[WhiteFideId "2208466"]
[BlackFideId "2200236"]
[WhiteElo "2429"]
[BlackElo "2373"]
[Result "1-0"]
[Round "03"]
[TimeControl "180+1"]
[Date "2022.03.22"]
[WhiteClock "0:00:08"]
[BlackClock "0:00:15"]

1. d4 Nf6 2. Nf3 g6 3. c4 Bg7 4. Nc3 O-O 5. e4 d6 6. Be2 c5 7. d5 e5 8. h3 Nh5 9. g3 Na6 10. a3 Bf6 11. Bh6 Ng7 12. Nd2 Bg5 13. Bxg5 Qxg5 14. h4 Qe7 15. h5 f5 16. hxg6 hxg6 17. Qc2 f4 18. O-O-O Bd7 19. Rh6 Qg5 20. Rdh1 fxg3 21. fxg3 Rae8 22. Rh8+ Kf7 23. R8h7 Kg8 24. Rh8+ Kf7 25. Rf1+ Ke7 26. Rh7 Rxf1+ 27. Bxf1 Kf7 28. Qd3 Kg8 29. Rh4 Rf8 30. Be2 Nc7 31. Nd1 Nce8 32. Qe3 Qxe3 33. Nxe3 Nf6 34. Rh6 Be8 35. Kd1 Ngh5 36. g4 Nf4 37. g5 Nh7 38. Nf3 Kg7 39. Rh2 Bd7 40. Kd2 Nxe2 41. Kxe2 Rf4 42. b4 Rxe4 43. bxc5 dxc5 44. Kd3 Bf5 45. Nxf5+ gxf5 46. a4 Nf8 47. Rh6 Ng6 48. d6 Nf8 49. Rf6 Rf4 50. Nxe5 Rd4+ 51. Kc3 f4 52. Rf5 Rxd6 53. Rxf4 Ng6 54. Rf7+ Kg8 55. Rf5 Nxe5 56. Rxe5 Kf7 57. Rxc5 Ke7 58. Rd5 Ra6 59. Kb4 Re6 60. a5 Re1 61. g6 Rb1+ 62. Kc3 Kf6 63. Rd6+ Kg7 64. c5 a6 65. Kc4 Rb5 66. Rb6 Rxa5 67. Rxb7+ Kxg6 68. c6 Ra1 69. c7 Rc1+ 70. Kd5 Kf7 71. c8=Q+ Kf6 72. Qxc1 Kf5 73. Qf1+ Kg4 74. Rb2 Kg5 75. Rg2+ Kh4 76. Qh1# 1-0


[Site "https://www.chess.com"]

[Event "Titled Tuesday Blitz March 22 Late 2022"]
[White "Taichman, Ori"]
[Black "Gatterer, Florian"]
[WhiteFideId "2804069"]
[BlackFideId "811688"]
[WhiteElo "2227"]
[BlackElo "2218"]
[Result "1-0"]
[Round "03"]
[TimeControl "180+1"]
[Date "2022.03.22"]
[WhiteClock "0:01:38"]
[BlackClock "0:00:09"]

1. e4 e5 2. d4 exd4 3. Qxd4 Nc6 4. Qe3 Nf6 5. Nc3 Bb4 6. Bd2 O-O 7. O-O-O d6 8. Qg3 Bg4 9. f3 Be6 10. Nge2 Nh5 11. Qe1 a5 12. g4 Nf6 13. h4 Ne5 14. Qg3 Nc4 15. Bg5 h6 16. f4 Bxg4 17. Nd5 h5 18. Bxf6 gxf6 19. Bh3 f5 20. exf5 c6 21. Bxg4 cxd5 22. Bxh5+ Kh8 23. Qg5 Qxg5 24. hxg5 Kg8 25. f6 Ne3 26. Rd3 Nc4 27. Rdh3 Bd2+ 28. Kb1 Rfe8 29. Bg6 fxg6 30. Rh8+ Kf7 31. R1h7+ Ke6 32. Nd4# 1-0


[Site "https://www.chess.com"]

[Event "Titled Tuesday Blitz March 22 Late 2022"]
[White "Tari, Aryan"]
[Black "Goryachkina, Aleksandra"]
[WhiteFideId "1510045"]
[BlackFideId "4147103"]
[WhiteElo "2567"]
[BlackElo "2426"]
[Result "1-0"]
[Round "03"]
[TimeControl "180+1"]
[Date "2022.03.22"]
[WhiteClock "0:00:06"]
[BlackClock "0:00:03"]

1. Nf3 d5 2. b3 Bg4 3. Bb2 Nd7 4. e3 e6 5. c4 c6 6. Be2 Ngf6 7. d4 Bd6 8. O-O h6 9. Ne5 Bxe2 10. Qxe2 O-O 11. Nd2 Qe7 12. a3 a5 13. f4 c5 14. Kh1 Rad8 15. Nd3 Ne4 16. Nf3 Ndf6 17. dxc5 Nxc5 18. Nxc5 Bxc5 19. cxd5 exd5 20. Nd4 Rfe8 21. Rae1 Bxd4 22. Bxd4 Ne4 23. Qb2 f6 24. Rc1 Rc8 25. b4 axb4 26. axb4 Rc4 27. b5 Rec8 28. Kg1 Qc7 29. b6 Qc6 30. Ra1 Rc2 31. Qb4 Qe6 32. h3 Ng3 33. Rf3 Ne2+ 34. Kh2 Qe4 35. Raf1 R8c4 36. Qd6 Nxd4 37. exd4 Qxd4 38. Qd8+ Kh7 39. Qd7 Rb4 40. Qf5+ 1-0


[Site "https://www.chess.com"]

[Event "Titled Tuesday Blitz March 22 Late 2022"]
[White "Thavandiran, Shiyam"]
[Black "Milosevic, Milos"]
[WhiteFideId "2605058"]
[BlackFideId "964875"]
[WhiteElo "2357"]
[BlackElo "2237"]
[Result "1/2-1/2"]
[Round "03"]
[TimeControl "180+1"]
[Date "2022.03.22"]
[WhiteClock "0:00:06"]
[BlackClock "0:00:20"]

1. e4 c5 2. Nf3 Nc6 3. d4 cxd4 4. Nxd4 Nf6 5. Nc3 e5 6. Ndb5 d6 7. Bg5 a6 8. Na3 b5 9. Nd5 Be7 10. Bxf6 Bxf6 11. c4 b4 12. Nc2 O-O 13. Be2 a5 14. O-O Bg5 15. Qd3 Ne7 16. Rad1 Nxd5 17. Qxd5 Rb8 18. Qxd6 Qxd6 19. Rxd6 b3 20. axb3 Rxb3 21. Rb1 a4 22. Na3 Be7 23. Rd3 Rxd3 24. Bxd3 Rd8 25. Bc2 Bb7 26. Bxa4 Bxe4 27. Rd1 Rxd1+ 28. Bxd1 Bd3 29. g3 Bxa3 30. bxa3 Bxc4 31. f4 exf4 32. gxf4 Kf8 33. Kf2 Ke7 34. Ke3 Kd6 35. Kd4 Ba6 36. Bc2 h6 37. h4 f6 38. f5 Bc8 39. a4 Kc6 40. Kc4 Bd7 41. a5 Bc8 42. Be4+ Kc7 43. Kc5 Ba6 44. Bc2 Bf1 45. Kd5 Bh3 46. Bd3 Kb7 47. Kd6 Ka7 48. Ke7 h5 49. Kf7 Bxf5 50. Bxf5 g5 51. Bd3 gxh4 52. Bf1 h3 53. Kxf6 h2 54. Bg2 Ka6 55. Bh1 h4 56. Kg5 Kb5 57. Kxh4 Ka6 58. Kh3 Kb5 59. Kxh2 Ka6 60. Kg1 Kb5 61. a6 Kxa6 1/2-1/2


[Site "https://www.chess.com"]

[Event "Titled Tuesday Blitz March 22 Late 2022"]
[White "Thomas, Anysia"]
[Black "Rabineau, Clement"]
[WhiteFideId "670472"]
[BlackFideId "628891"]
[WhiteElo "2002"]
[BlackElo "2237"]
[Result "0-1"]
[Round "03"]
[TimeControl "180+1"]
[Date "2022.03.22"]
[WhiteClock "0:00:02"]
[BlackClock "0:00:10"]

1. d4 d6 2. Nf3 g6 3. c4 Bg7 4. Nc3 c5 5. d5 Bxc3+ 6. bxc3 f5 7. g3 Qa5 8. Qc2 Nf6 9. Bg2 Nbd7 10. O-O Nb6 11. Qb3 Bd7 12. Ng5 Qa4 13. e4 fxe4 14. Re1 Qxc4 15. Nxe4 Nxe4 16. Rxe4 Qxb3 17. axb3 Nxd5 18. Bg5 h6 19. Bd2 Nf6 20. Rea4 Bc6 21. Bxc6+ bxc6 22. Rxa7 Rxa7 23. Rxa7 Kf7 24. Rc7 Rb8 25. b4 cxb4 26. cxb4 Rb6 27. Kg2 Nd5 28. Rc8 h5 29. Be1 Nxb4 30. Bxb4 Rxb4 31. Rxc6 Re4 32. Rc3 Re6 33. Rf3+ Rf6 34. Re3 e5 35. Rd3 Ke6 36. h4 Rf7 37. f3 d5 38. Ra3 Rd7 39. Ra6+ Rd6 40. Ra8 d4 41. Re8+ Kd5 42. Kf2 Rc6 43. Rd8+ Ke6 44. Re8+ Kf6 45. g4 Rc2+ 46. Kg3 hxg4 47. fxg4 d3 48. g5+ Kf5 49. Rf8+ Ke4 50. Rd8 Ke3 51. Rd5 e4 52. h5 gxh5 53. g6 Rc1 54. g7 Rg1+ 55. Kh4 Rxg7 56. Rxh5 Rg8 57. Re5 Kd4 58. Re7 d2 59. Rd7+ Ke3 60. Rd6 Ke2 0-1


[Site "https://www.chess.com"]

[Event "Titled Tuesday Blitz March 22 Late 2022"]
[White "Toncheva, Nadya"]
[Black "Marcziter, Dmitrii"]
[WhiteFideId "2924056"]
[BlackFideId "13900765"]
[WhiteElo "1884"]
[BlackElo "2155"]
[Result "0-1"]
[Round "03"]
[TimeControl "180+1"]
[Date "2022.03.22"]
[WhiteClock "0:00:01"]
[BlackClock "0:00:46"]

1. e4 c5 2. Nf3 a6 3. c4 e6 4. Nc3 Qc7 5. d4 cxd4 6. Nxd4 Nf6 7. Be2 b6 8. O-O Bb7 9. f3 Nc6 10. Be3 Ne5 11. Rc1 Ng6 12. Qd2 h5 13. Rfd1 Bd6 14. h3 Bh2+ 15. Kh1 h4 16. b4 Nh5 17. Bf2 Ng3+ 18. Bxg3 Bxg3 19. Rc2 O-O 20. Nb3 Rad8 21. c5 b5 22. a4 bxa4 23. Nxa4 Qe5 24. Qd6 Qg5 25. Qb6 Bc6 26. Nc3 Nf4 27. Bf1 Rb8 28. Qa5 f5 29. Nd4 Nh5 30. Nxc6 dxc6 31. Rd7 Be5 32. Ne2 Ng3+ 33. Kg1 Nxe2+ 34. Rxe2 Qg3 35. exf5 Qh2+ 36. Kf2 Bg3+ 37. Ke3 exf5 38. Kd2 Be5 39. Qa2+ Kh8 40. Qe6 Qf4+ 41. Kc2 Rbe8 42. Qb3 Bf6 43. Rxe8 Rxe8 44. Bd3 Qe5 45. Rd6 a5 46. Rxf6 Qxf6 47. bxa5 Qd4 48. Qf7 Qxc5+ 49. Kd2 Qxa5+ 50. Kd1 Re1+ 51. Kc2 Qc5+ 52. Kd2 Qc1# 0-1


[Site "https://www.chess.com"]

[Event "Titled Tuesday Blitz March 22 Late 2022"]
[White "Tregubov, Pavel V."]
[Black "Maghsoodloo, Parham"]
[WhiteFideId "4115341"]
[BlackFideId "12539929"]
[WhiteElo "2341"]
[BlackElo "2630"]
[Result "0-1"]
[Round "03"]
[TimeControl "180+1"]
[Date "2022.03.22"]
[WhiteClock "0:00:04"]
[BlackClock "0:00:18"]

1. e4 c5 2. Nf3 Nc6 3. c3 Nf6 4. e5 Nd5 5. d4 cxd4 6. cxd4 d6 7. Bc4 dxe5 8. Bxd5 Qxd5 9. Nc3 Qd6 10. d5 Nd4 11. Nxd4 exd4 12. Qxd4 e5 13. Qd3 Be7 14. Nb5 Qd7 15. d6 Bd8 16. O-O O-O 17. Rd1 a6 18. Nc3 b5 19. Qd5 Bb7 20. Qxe5 Re8 21. Qg3 b4 22. Bh6 Bf6 23. Nd5 Bxd5 24. Rxd5 Bxb2 25. Rad1 a5 26. h4 a4 27. Rc5 b3 28. Rc7 Qe6 29. d7 Red8 30. axb3 a3 31. Bg5 Be5 32. Bf4 Bxc7 33. Bxc7 Rxd7 34. Ra1 a2 35. Be5 f6 36. Bf4 Rb7 37. Qf3 Qxb3 38. Qc6 Qf7 39. Kh2 h5 40. Be3 Rab8 41. Bd4 Rb1 42. g3 Rxa1 43. Bxa1 Rb1 44. Qc8+ Kh7 45. Qc2+ Qg6 46. Qxa2 Qe4 47. f3 Qd3 48. Bd4 Qd1 49. Qg2 Rc1 50. Bf2 Rc2 51. g4 Qe2 52. Kg3 Rc3 53. gxh5 Qe5+ 54. Kh3 Qxh5 55. Kg3 Qg6+ 56. Kh3 Qxg2+ 57. Kxg2 Kg6 58. Bg3 Kh5 59. Bf2 Rc4 60. Kg3 Rxh4 61. Be3 g5 62. Bd2 f5 63. Bc3 Rc4 64. Be5 Rb4 65. Bd6 Rb3 66. Kg2 f4 67. Bc7 Kg6 68. Bd6 Kf5 69. Be7 Rb2+ 70. Kg1 g4 71. fxg4+ Kxg4 72. Bc5 Kg3 73. Kf1 Rb1+ 74. Ke2 f3+ 0-1


[Site "https://www.chess.com"]

[Event "Titled Tuesday Blitz March 22 Late 2022"]
[White "Tristan, Leonardo"]
[Black "Martinez Alcantara, Jose Eduardo"]
[WhiteFideId "113816"]
[BlackFideId "3805662"]
[WhiteElo "2404"]
[BlackElo "2690"]
[Result "1-0"]
[Round "03"]
[TimeControl "180+1"]
[Date "2022.03.22"]
[WhiteClock "0:00:14"]
[BlackClock "0:00:04"]

1. e4 c5 2. Nc3 a6 3. d4 cxd4 4. Qxd4 Nc6 5. Qe3 g6 6. Bd2 Bg7 7. O-O-O Nf6 8. Nd5 O-O 9. Bc3 d6 10. Nxf6+ Bxf6 11. Bxf6 exf6 12. Nf3 Be6 13. Nd4 Nxd4 14. Rxd4 Qa5 15. a3 Rfc8 16. Qd2 Qc7 17. Kb1 b5 18. Be2 Rab8 19. h4 h5 20. g4 hxg4 21. h5 g5 22. Rxd6 Rd8 23. Rd1 Rxd6 24. Qxd6 Qxd6 25. Rxd6 Ra8 26. a4 bxa4 27. Rxa6 Rd8 28. Kc1 Kg7 29. Rxa4 Kh6 30. b4 Kxh5 31. b5 Kh4 32. Ra3 Rc8 33. Kb2 f5 34. exf5 Bxf5 35. c4 Be6 36. b6 Bxc4 37. Bxc4 Rxc4 38. b7 Rb4+ 39. Rb3 Rxb7 40. Rxb7 g3 41. fxg3+ Kxg3 42. Rxf7 g4 43. Kc2 Kh2 44. Rh7+ Kg1 45. Kd2 g3 46. Ke2 g2 47. Rg7 Kh1 48. Kf2 Kh2 49. Rh7# 1-0


[Site "https://www.chess.com"]

[Event "Titled Tuesday Blitz March 22 Late 2022"]
[White "Tymrakiewicz, Rafal"]
[Black "Curtis, John"]
[WhiteFideId "1108832"]
[BlackFideId "3200256"]
[WhiteElo "2205"]
[BlackElo "2203"]
[Result "0-1"]
[Round "03"]
[TimeControl "180+1"]
[Date "2022.03.22"]
[WhiteClock "0:00:07"]
[BlackClock "0:01:17"]

1. d4 Nf6 2. Nf3 d6 3. c4 g6 4. Nc3 Bg7 5. Bg5 Bg4 6. e3 O-O 7. Be2 c5 8. O-O Qa5 9. d5 a6 10. a4 Nbd7 11. Ra3 h6 12. Bh4 g5 13. Bg3 Nh5 14. Ne1 Nxg3 15. fxg3 Bxc3 16. Rxc3 Bxe2 17. Qxe2 Qxa4 18. Nd3 b5 19. b3 Qa5 20. Rcc1 bxc4 21. bxc4 Rab8 22. e4 Rb3 23. e5 Rxd3 24. Qxd3 Nxe5 25. Qc3 Qxc3 26. Rxc3 Rb8 27. Ra1 Rb4 28. Rac1 a5 29. h3 a4 30. Kf2 Kg7 31. g4 Kg6 32. Ke2 h5 33. gxh5+ Kxh5 34. g3 f6 35. Kd2 Rb2+ 36. R1c2 Rb4 37. Rc1 a3 38. Rxa3 Nxc4+ 39. Rxc4 Rxc4 40. Ra7 Rd4+ 41. Ke3 Rxd5 42. Ke4 Re5+ 43. Kf3 g4+ 44. hxg4+ Kg5 45. Ra8 Kg6 46. Rf8 Kg7 47. Rc8 Kf7 48. Kf4 Ke6 49. Rc7 Kd5 50. Rc8 Kd4 51. Rc7 c4 52. Rc8 c3 53. g5 fxg5+ 54. Kf3 Rc5 0-1


[Site "https://www.chess.com"]

[Event "Titled Tuesday Blitz March 22 Late 2022"]
[White "Urazayev, Arystanbek"]
[Black "Hamitevici, Vladimir"]
[WhiteFideId "13709810"]
[BlackFideId "13902393"]
[WhiteElo "2393"]
[BlackElo "2359"]
[Result "1-0"]
[Round "03"]
[TimeControl "180+1"]
[Date "2022.03.22"]
[WhiteClock "0:00:46"]
[BlackClock "0:00:11"]

1. d4 Nf6 2. c4 b6 3. Nf3 Bb7 4. g3 g6 5. Bg2 Bg7 6. O-O O-O 7. d5 Na6 8. Nc3 Nc5 9. Nd4 e5 10. Nb3 d6 11. Nxc5 bxc5 12. Rb1 a5 13. a3 Ba6 14. Qd3 Rb8 15. Nb5 a4 16. e4 Bxb5 17. cxb5 Qd7 18. b3 Qxb5 19. Qxb5 Rxb5 20. b4 Rfb8 21. Bd2 Ng4 22. Rbc1 Bh6 23. f4 exf4 24. gxf4 Ne5 25. bxc5 Nd3 26. cxd6 Nxc1 27. dxc7 Ne2+ 28. Kf2 Rc8 29. d6 Nxf4 30. d7 Rbb8 31. Rb1 Nd3+ 32. Ke2 Nf4+ 33. Bxf4 Bxf4 34. cxb8=Q Rxb8 35. Rxb8+ Bxb8 36. d8=Q+ 1-0


[Site "https://www.chess.com"]

[Event "Titled Tuesday Blitz March 22 Late 2022"]
[White "Van den Dikkenberg, Erik"]
[Black "Aydin, Gulenay"]
[WhiteFideId "1005880"]
[BlackFideId "34557431"]
[WhiteElo "2118"]
[BlackElo "1429"]
[Result "0-1"]
[Round "03"]
[TimeControl "180+1"]
[Date "2022.03.22"]
[WhiteClock "0:00:03"]
[BlackClock "0:00:17"]

1. e4 c5 2. Be2 d6 3. f4 g6 4. Nf3 Bg7 5. O-O Nc6 6. Qe1 Nf6 7. d3 O-O 8. Nc3 Rb8 9. Kh1 b5 10. Bd1 b4 11. Ne2 a5 12. Qh4 a4 13. f5 Ne5 14. Bh6 Neg4 15. Bxg7 Kxg7 16. Nf4 Ne3 17. Re1 Nxd1 18. Raxd1 gxf5 19. Ng5 h6 20. Nh5+ Nxh5 21. Qxh5 e5 22. Nh3 f4 23. g3 Bxh3 24. Qxh3 fxg3 25. Rg1 Kh7 26. Rxg3 Qc8 27. Qh5 Qe6 28. Rdg1 Rg8 29. Rf1 Rxg3 30. hxg3 Kg7 31. Rf5 Qg6 32. Qh3 b3 33. axb3 axb3 34. cxb3 Rxb3 35. g4 Rxb2 36. Qh4 Rb1+ 37. Kg2 Rb2+ 38. Kf3 f6 39. Ke3 Qf7 40. Rh5 Qg6 41. Rf5 c4 42. dxc4 Qf7 43. Kf3 Rb3+ 44. Kg2 Rb2+ 45. Kg3 Qg6 46. Kf3 Rb3+ 47. Kg2 Rc3 48. Kf2 Rxc4 49. Kf3 Ra4 50. Ke3 Ra3+ 51. Kf2 Qf7 52. Kg2 Qa2+ 53. Rf2 Qf7 54. Kh2 Ra4 55. Kg2 Rxe4 56. Qg3 Qg6 57. Kh3 Qg5 58. Rf5 Qe3 59. Rf3 Qe1 60. Kh4 Qxg3+ 61. Kxg3 Kg6 0-1


[Site "https://www.chess.com"]

[Event "Titled Tuesday Blitz March 22 Late 2022"]
[White "Vasquez Schroeder, Rodrigo"]
[Black "Rostovtsev, Dmitry"]
[WhiteFideId "3400042"]
[BlackFideId "34278320"]
[WhiteElo "2561"]
[BlackElo "2359"]
[Result "1-0"]
[Round "03"]
[TimeControl "180+1"]
[Date "2022.03.22"]
[WhiteClock "0:02:15"]
[BlackClock "0:01:17"]

1. e4 e5 2. Nf3 Nc6 3. Bb5 a6 4. Ba4 Nf6 5. O-O Be7 6. Re1 b5 7. Bb3 d6 8. c3 O-O 9. h3 Bb7 10. d4 Re8 11. Nbd2 Bf8 12. a4 h6 13. Bc2 exd4 14. cxd4 Nb4 15. Bb1 c5 16. d5 Nd7 17. Ra3 c4 18. axb5 axb5 19. Nd4 Rxa3 20. bxa3 Nd3 21. Bxd3 cxd3 22. Bb2 Nc5 23. Nf5 g6 24. Ng3 Qa5 25. Re3 Qa4 26. Qc1 Bg7 27. Bxg7 Kxg7 28. Qc3+ Kf8 29. Qh8+ Ke7 30. Qxh6 Qd1+ 31. Ngf1 Ra8 32. e5 Bxd5 33. Qg5+ Kd7 34. exd6 Kc6 35. Qe7 Rc8 36. Re5 1-0


[Site "https://www.chess.com"]

[Event "Titled Tuesday Blitz March 22 Late 2022"]
[White "Vifleemskaia, Svetlana"]
[Black "Petesch, Gabriel"]
[WhiteFideId "4129490"]
[BlackFideId "2032465"]
[WhiteElo "1901"]
[BlackElo "2374"]
[Result "1/2-1/2"]
[Round "03"]
[TimeControl "180+1"]
[Date "2022.03.22"]
[WhiteClock "0:00:11"]
[BlackClock "0:00:03"]

1. d4 c5 2. d5 e5 3. e4 d6 4. Nc3 Nf6 5. Bb5+ Bd7 6. a4 Be7 7. Nf3 O-O 8. O-O Qc7 9. h3 a6 10. Be2 Re8 11. Be3 Bf8 12. Nd2 Bc8 13. Nc4 Nbd7 14. a5 b5 15. axb6 Nxb6 16. Na5 Bd7 17. b3 g6 18. Qd2 Bg7 19. Rfd1 h5 20. Nc6 Bc8 21. Na4 Nxa4 22. Rxa4 Bb7 23. Qa5 Qd7 24. Qb6 Qc8 25. Na5 Rb8 26. Nc6 Nd7 27. Qa5 Ra8 28. Qd2 Bf8 29. Na5 Nb6 30. Ra2 Qc7 31. Rda1 Bc8 32. Nc6 Nd7 33. Bxa6 Nf6 34. Bd3 Rxa2 35. Rxa2 Qb6 36. Qa5 Qb7 37. Qa7 Qd7 38. Qxd7 Bxd7 39. Ra6 Kg7 40. f3 Kg8 41. Kf2 Kg7 42. h4 Rc8 43. g3 Rc7 44. Ke2 Rc8 45. Kd2 Rc7 46. c3 Rc8 47. b4 cxb4 48. cxb4 Ne8 49. b5 Nc7 50. Ra7 Nxb5 51. Bxb5 Be8 52. Rb7 Kf6 53. Kc3 Ra8 54. Kb2 Kg7 55. Ba7 Kf6 56. Kb3 Bh6 57. Kb4 Bd2+ 58. Ka4 Be1 59. Nb4 Bxb5+ 60. Kxb5 Bxg3 61. Rd7 Kg7 62. Nc6 Bxh4 63. Rxd6 Bg3 64. Rd8 Rxd8 65. Nxd8 h4 66. Bg1 h3 67. d6 Kf6 68. Nc6 Ke6 69. Kc5 f5 70. Nd8+ Kd7 71. Nf7 fxe4 72. fxe4 g5 73. Nxg5 h2 74. Bxh2 Bxh2 75. Nf3 Bf4 76. Ne1 Bh6 77. Kd5 Bf8 78. Nd3 Bxd6 79. Nxe5+ Ke7 80. Ng6+ Kd7 81. Ne5+ Kc7 82. Nf7 Be7 83. e5 Kd7 84. e6+ Ke8 85. Ne5 Ba3 86. Ng6 Bb4 87. Ke5 Ba3 88. Kf6 Bb2+ 89. Kf5 Ba3 90. Nf4 Be7 91. Nd5 Ba3 92. Kf6 Bb2+ 93. Kf5 Bd4 94. Nf4 Bc3 95. Nh5 Bb2 96. Ke4 Ba1 97. Kd5 Bc3 98. Nf4 Bb2 99. Kd6 Ba3+ 100. Kd5 Bb2 101. Nd3 Bf6 102. Nc5 Ke7 103. Nd7 Bb2 104. Nc5 Ba1 105. Ne4 Bb2 106. Nc5 Bc3 107. Nd7 Ba1 108. Nb6 Bb2 109. Nc8+ Kd8 110. e7+ Kd7 111. e8=Q+ Kxe8 1/2-1/2


[Site "https://www.chess.com"]

[Event "Titled Tuesday Blitz March 22 Late 2022"]
[White "Villegas, Pierre"]
[Black "Sapunov, Evgeny"]
[WhiteFideId "654183"]
[BlackFideId "4126661"]
[WhiteElo "2523"]
[BlackElo "2736"]
[Result "0-1"]
[Round "03"]
[TimeControl "180+1"]
[Date "2022.03.22"]
[WhiteClock "0:00:30"]
[BlackClock "0:01:41"]

1. c4 Nf6 2. Nc3 g6 3. g3 Bg7 4. Bg2 O-O 5. Nf3 d6 6. d4 Nbd7 7. O-O e5 8. h3 Re8 9. e4 exd4 10. Nxd4 a6 11. Re1 Rb8 12. Be3 Ne5 13. b3 c5 14. Nc2 b5 15. cxb5 axb5 16. Rc1 b4 17. Ne2 Ba6 18. Nf4 Qb6 19. Rb1 h6 20. Bf1 Bxf1 21. Rxf1 Qa6 22. Kg2 g5 23. Nd5 Nxe4 24. Nc7 Qb7 0-1


[Site "https://www.chess.com"]

[Event "Titled Tuesday Blitz March 22 Late 2022"]
[White "Vusatiuk, Vladimir"]
[Black "Bashirli, Nail"]
[WhiteFideId "14118610"]
[BlackFideId "13406809"]
[WhiteElo "2157"]
[BlackElo "2333"]
[Result "0-1"]
[Round "03"]
[TimeControl "180+1"]
[Date "2022.03.22"]
[WhiteClock "0:00:01"]
[BlackClock "0:00:49"]

1. d4 Nf6 2. c4 e6 3. g4 Bb4+ 4. Nc3 Nxg4 5. e4 f5 6. h4 O-O 7. f3 fxe4 8. fxg4 d5 9. Bg5 Qe8 10. Qe2 Nc6 11. O-O-O Bxc3 12. bxc3 b6 13. cxd5 exd5 14. Be3 Na5 15. Qc2 Bd7 16. Re1 Bb5 17. Nh3 Bxf1 18. Rhxf1 Nc4 19. Rxf8+ Qxf8 20. Bf4 Qa3+ 21. Kd1 Rf8 22. Ke2 Qa6 23. Kf2 e3+ 24. Kg3 Nd2 25. Kg2 Qc8 26. Rxe3 Qxg4+ 27. Bg3 Nf1 28. Rd3 Qe4+ 29. Kg1 Nxg3 30. Rxg3 Qxc2 31. Rxg7+ Kh8 0-1


[Site "https://www.chess.com"]

[Event "Titled Tuesday Blitz March 22 Late 2022"]
[White "Weetik, Vjacheslav"]
[Black "Fedoseev, Vladimir"]
[WhiteFideId "4153472"]
[BlackFideId "24130737"]
[WhiteElo "2469"]
[BlackElo "2726"]
[Result "0-1"]
[Round "03"]
[TimeControl "180+1"]
[Date "2022.03.22"]
[WhiteClock "0:00:43"]
[BlackClock "0:00:29"]

1. d4 d5 2. Bf4 c5 3. e3 cxd4 4. exd4 Nc6 5. c3 Bf5 6. Qb3 Qd7 7. Nf3 f6 8. c4 Na5 9. Qb5 Nxc4 10. Bxc4 dxc4 11. Qxc4 e5 12. dxe5 Rc8 13. Qe2 Bd3 14. Qe3 Bc5 15. Qd2 Ne7 16. Nc3 O-O 17. O-O-O Rfd8 18. exf6 Ng6 19. Be3 Bb4 20. Ne1 Rxc3+ 21. bxc3 Ba3+ 22. Qb2 Bxb2+ 23. Kxb2 Qb5+ 24. Ka1 Rd7 25. fxg7 Be4 26. Rc1 Ne5 27. Bd4 Nc4 0-1


[Site "https://www.chess.com"]